 Dungeon Crawl Stone Soup version 0.20-a0-1043-gbd57889 (webtiles) character file.

165 Krakonus1 the Covert (level 5, 0/26 HPs)
             Began as a Vine Stalker Assassin on Apr 25, 2017.
             Was an Initiate of Dithmenos.
             Slain by a sky beast (4 damage)
             ... on level 2 of the Dungeon.
             The game lasted 00:10:52 (2545 turns).

Krakonus1 the Covert (Vine Stalker Assassin)        Turns: 2545, Time: 00:10:53

Health: 0/26       AC:  3    Str: 14    XL:     5   Next: 46%
Magic:  0/6        EV: 11    Int: 11    God:    Dithmenos [......]
Gold:   1          SH:  0    Dex: 16    Spells: 1/4 levels left

rFire    . . .     SeeInvis .   a - +2 dagger
rCold    . . .     Gourm    .   (no shield)
rNeg     . . .     Faith    .   c - +0 robe
rPois    .         Spirit   +   (no helmet)
rElec    .         Reflect  .   d - +0 cloak
rCorr    .         Harm     .   (no gloves)
MR       .....                  (no boots)
Stlth    ++++......             (no amulet)
Regen    0.5/turn               (no ring)
MPRegen  0.1/turn               (no ring)

@: no status effects
A: fangs 2, regeneration 1, magic shield, antimagic bite, no potion heal 3, rot
immunity
a: Renounce Religion


You were on level 2 of the Dungeon.
You worshipped Dithmenos.
Dithmenos was noncommittal.
You were hungry.

You visited 2 branches of the dungeon, and saw 5 of its levels.

You collected 85 gold pieces.
You spent 84 gold pieces at shops.

Inventory:

Hand Weapons
 a - a +2 dagger (weapon)
 b - a +0 blowgun
Missiles
 e - 22 poisoned needles
 f - 2 curare-tipped needles
 j - 2 tomahawks (quivered)
Armour
 c - a +0 robe (worn)
 d - a +0 cloak (worn)
Scrolls
 l - 2 scrolls of magic mapping
 m - 2 scrolls of teleportation
 n - a scroll of fog {unknown}
 r - 2 scrolls of remove curse {unknown}
 v - a scroll of enchant armour {unknown}
 w - a scroll of noise {unknown}
Potions
 h - a potion of flight
 k - a potion of haste
 o - 3 potions of curing
 p - 2 potions of agility {unknown}
 t - a potion of magic {unknown}
 u - a potion of brilliance
Books
 i - a book of Maledictions

   Spells                             Type                      Level
   a - Corona                         Hexes                        1
   b - Ensorcelled Hibernation        Hexes/Ice                    2
   c - Confuse                        Hexes                        3
   d - Tukima's Dance                 Hexes                        3
   e - Dazzling Spray                 Conjuration/Hexes            3
Comestibles
 g - a bread ration
 q - 3 chunks of flesh
 s - a meat ration


   Skills:
 - Level 1.7 Fighting
 - Level 1.7 Short Blades
 - Level 1.7 Throwing
 - Level 0.7 Dodging
 * Level 8.3 Stealth


You had one spell level left.
You knew the following spells:

 Your Spells              Type           Power        Failure   Level  Hunger
a - Ensorcelled Hibernat  Hex/Ice        #.....       47%         2    ###....
b - Corona                Hex            #......      34%         1    ##.....


Dungeon Overview and Level Annotations

Branches:
Dungeon (4/15)             Temple (1/1) D:4

Altars:
Cheibriados
Dithmenos
Makhleb
Nemelex Xobeh
Okawaru
Qazlal
Trog
Vehumet
Wu Jian
Xom
The Shining One

Shops:
D:4 *

Annotations:
D:4 Grinder


Innate Abilities, Weirdness & Mutations

You have extremely sharp teeth.
Your natural rate of healing is unusually fast.
When hurt, damage is shared between your health and your magic reserves.
Your bite disrupts and absorbs the magic of your enemies.
Potions cannot restore your health.
You are immune to rotting.


Message History

You barely miss the sky beast. Your bite misses the sky beast.
The sky beast is lightly wounded.
The sky beast flickers out of sight!
Deactivating autopickup; reactivate with Ctrl-A.
Something hits you. Something shocks you.
You miss something. Your bite misses something. Something hits you.
Something shocks you.
* * * LOW HITPOINT WARNING * * *
You have no ailments to cure.
Okay, then.
There is a stone staircase leading up here.
Something hits you.
* * * LOW HITPOINT WARNING * * *
Something shocks you.
* * * LOW HITPOINT WARNING * * *
You climb upwards.
There is a stone staircase leading down here.
Okay, then.
Something hits you.
You die...

###########
#########.........#
................@>#
#########.....)...#
.########.........#
.......############
######.## ####
#..########
...####........##
.>..########....#
...<.# ####....#


There were no monsters in sight!

Vanquished Creatures
  A hound (D:1)
  Natasha (twice) (D:4 D:3)
  An orc wizard (D:3)
  A worm (D:2)
  3 dart slugs
  3 leopard geckos
  3 orcs (D:3)
  2 giant cockroaches (D:1)
  4 hobgoblins
  2 quokkas (D:2)
  A ball python (D:1)
  4 bats
  6 frilled lizards
  8 goblins
  9 kobolds
  6 rats
56 creatures vanquished.

Notes
Turn   | Place    | Note
-------+----------+-------------------------------------------
     0 | D:1      | Krakonus1 the Vine Stalker Assassin began the quest for the Orb.
     0 | D:1      | Reached XP level 1. HP: 11/11 MP: 2/2
   136 | D:1      | Reached skill level 5 in Stealth
   475 | D:1      | Reached XP level 2. HP: 7/15 MP: 3/3
  1133 | D:1      | Reached skill level 6 in Stealth
  1158 | D:1      | Reached XP level 3. HP: 18/18 MP: 4/4
  1452 | D:1      | Gained mutation: Your natural rate of healing is unusually fast. [Vine Stalker growth]
  1452 | D:1      | Reached XP level 4. HP: 4/23 MP: 5/5
  1614 | D:2      | Reached skill level 7 in Stealth
  1662 | D:2      | Learned a level 2 spell: Ensorcelled Hibernation
  1664 | D:2      | Learned a level 1 spell: Corona
  1917 | D:2      | You fall through a shaft for 2 floors!
  1917 | D:4      | Found a staircase to the Ecumenical Temple.
  1917 | D:4      | Noticed Natasha
  1920 | D:4      | Killed Natasha
  1928 | Temple   | Entered the Ecumenical Temple
  1970 | Temple   | Became a worshipper of Dithmenos the Shadowed
  2053 | D:4      | Found Viuskas's General Store.
  2058 | D:4      | Bought a potion of brilliance for 48 gold pieces
  2058 | D:4      | Bought a potion of curing for 36 gold pieces
  2064 | D:4      | Noticed Grinder
  2065 | D:4      | Noticed Natasha
  2087 | D:3      | Killed Natasha
  2087 | D:3      | Reached XP level 5. HP: 14/26 MP: 3/6
  2137 | D:3      | Reached skill level 8 in Stealth
  2173 | D:2      | Found an iron altar of Okawaru.
  2173 | D:2      | Found a bloodstained altar of Trog.
  2527 | D:3      | Noticed a sky beast
  2545 | D:2      | Slain by a sky beast

Vault maps used:
D:1:      dpeg_arrival_three_bigger_balls, kennysheep_nondescript
D:2:      nicolae_overflow_hidden_temple
D:3:      kennysheep_small_spiral
D:4:      minmay_temple_entry_mist, serial_shops, nicolae_shop_statue_plus,
          first_bread, minmay_statues_item, uniq_grinder, uniq_natasha
Temple:   nicolae_temple_figure_zero

Skill      XL: |  1  2  3  4  5 |
---------------+----------------+-----
Stealth        | 5 6 7 8 |  8.3
Fighting       | |  1.7
Short Blades   | |  1.7
Throwing       | |  1.7
Dodging        | |  0.7

Action                   |  1- 3 |  4- 6 || total
-------------------------+-------+-------++-------
Melee: Dagger            |    78 |   105 ||   183
       Bite              |    24 |    15 ||    39
Throw: Tomahawk          |       |     1 ||     1
 Cast: Ensorcelled Hiber |       |     2 ||     2
  Use: Scroll            |       |     6 ||     6
 Stab: Sleeping          |     5 |     6 ||    11
       Distracted        |     1 |       ||     1
  Eat: Chunk             |     2 |     3 ||     5
Armor: Robe              |    13 |    16 ||    29
Dodge: Dodged            |    38 |    42 ||    80
